 Dungeon Crawl Stone Soup version 0.30-a0-948-g4fa250aae5 (webtiles) character file.

Game seed: 11419426890228315919

319 mandarbmax the Cutter (level 6, -12/32 HPs)
             Began as a Vine Stalker Fighter on Mar 26, 2023.
             Mangled by an ogre
             ... wielding a +0 giant club
              (17 damage)
             ... on level 4 of the Dungeon.
             The game lasted 00:05:11 (2460 turns).

mandarbmax the Cutter (Vine Stalker Fighter)        Turns: 2460, Time: 00:05:12

Health: -12/32     AC:  6    Str: 17 (18) XL:     6   Next: 46%
Magic:  0/16       EV:  9    Int:  7 (8)  God:
Gold:   138        SH:  5    Dex: 15 (16) Spells: 5/5 levels left

rFire   . . .      SeeInvis .    a - +0 rapier
rCold   . . .      Faith    .    c - +0 buckler
rNeg    . . .      Spirit   +    b - +0 scale mail
rPois   .          Reflect  .    (no helmet)
rElec   .          Rampage  .    (no cloak)
rCorr   .                        (no gloves)
Will    .....                    (no boots) Stlth
                                 (no amulet)
HPRegen 1.05/turn                p - ring of magical power
MPRegen 0.15/turn                (no ring)

@: no status effects
A: fangs 2, regeneration 1, magic shield, antimagic bite, no potion heal 2
a: no special abilities


You were on level 4 of the Dungeon.
You visited 1 branch of the dungeon, and saw 4 of its levels.
You also visited: Sewer.

You collected 138 gold pieces.

Inventory:

Hand Weapons
 a - a +0 rapier (weapon)
 u - the +10 whip "Bailith" {antimagic, Str+8}
   (You found it on level 4 of the Dungeon)

   Str:       It affects your strength (+8).
Armour
 b - a +0 scale mail (worn)
 c - a +0 buckler (worn)
 y - the +1 helmet of the Volcano {+Inv rF+ Str-3 Int+3}
   (You found it in a sewer)

   Str:       It affects your strength (-3).
   Int:       It affects your intelligence (+3).
   rF:        It protects you from fire.
   +Inv:      It lets you turn invisible.
Jewellery
 p - a ring of magical power (left hand)
Scrolls
 e - 3 scrolls of enchant weapon {unknown}
 f - a scroll of vulnerability {unknown}
 g - a scroll of brand weapon {unknown}
 j - 2 scrolls of magic mapping {unknown}
 m - a scroll of blinking {unknown}
 o - a scroll of poison {unknown}
 q - a scroll of noise {unknown}
 r - a scroll of fog {unknown}
 v - a scroll of amnesia {unknown}
 w - 2 scrolls of identify {unknown}
 x - a scroll of enchant armour {unknown}
 z - a scroll of immolation {unknown}
 A - a scroll of silence {unknown}
Potions
 d - 2 potions of might
 h - a potion of cancellation {unknown}
 i - a potion of ambrosia {unknown}
 k - a potion of degeneration
 l - a potion of curing {unknown}
 n - 2 potions of flight {unknown}
 s - 2 potions of berserk rage {unknown}
 t - 2 potions of heal wounds {unknown}


   Skills:
 - Level 3.0 Fighting
 + Level 5.4 Short Blades
 - Level 3.0 Armour
 - Level 3.0 Shields


You had 5 spell levels left.
You didn't know any spells.
Your spell library was empty.

Dungeon Overview and Level Annotations

Branches:
Dungeon (4/15)              Sewer (visited)
 Temple: D:4-7

Altars:


Innate Abilities, Weirdness & Mutations

You have extremely sharp teeth.
Your natural rate of healing is unusually fast.
When hurt, damage is shared between your health and your magic reserves.
Your bite disrupts and absorbs the magic of your enemies.
Potions cannot restore your health.


Message History

No target in view!
No target in view!
No target in view!
No target in view!
You see here a ball python corpse.
You see here a ball python corpse.
An ogre comes into view. It is wielding a +0 giant club.
The ogre shouts!
An ogre is nearby!
An ogre is nearby!
Found 4 atropa-tipped darts.
The ogre hits you with a +0 giant club!
You closely miss the ogre. You bite the ogre, but do no damage.
You hit the ogre.
The ogre is lightly wounded.
The ogre hits you with a +0 giant club!
You hit the ogre. You bite the ogre, but do no damage.
The ogre is moderately wounded.
The ogre hits you with a +0 giant club!
* * * LOW HITPOINT WARNING * * *
You are too injured to fight recklessly!
You are too injured to fight recklessly!
You are too injured to fight recklessly!
You are too injured to fight recklessly!
You are too injured to fight recklessly!
You are too injured to fight recklessly!
You are too injured to fight recklessly!
You are too injured to fight recklessly!
You barely miss the ogre.
The ogre is moderately wounded.
You hit the ogre.
The ogre is moderately wounded.
The ogre hits you with a +0 giant club!
* * * LOW HITPOINT WARNING * * *
It was a potion of degeneration.
There was something very wrong with that liquid.
You feel weakened.
You feel dopey.
You feel clumsy.
The ogre hits you with a +0 giant club!!
Ouch! That really hurt!
You die...

.# (# .#
.# ##.#
#.. #O#
#@# #.#
#.# #.#
#.#
##†##
##.#.###
#.###..#
##.#.#.#


You could see an ogre.

Vanquished Creatures
  A phantom (D:4)
  A howler monkey (D:4)
  4 river rats
  8 adders
  3 worms (D:2)
  4 dart slugs
  2 orcs
  11 ball pythons
  9 endoplasms
  3 giant cockroaches
  8 goblins
  6 hobgoblins
  2 quokkas
  6 bats
  7 frilled lizards
  3 kobolds (D:3)
  12 rats
90 creatures vanquished.

Notes
Turn   | Place    | Note
-------+----------+-------------------------------------------
     0 | D:1      | mandarbmax the Vine Stalker Fighter began the quest for the
                  | Orb.
     0 | D:1      | Reached XP level 1. HP: 11/11 MP: 2/2
   250 | D:1      | Reached XP level 2. HP: 14/16 MP: 1/3
   279 | D:1      | Reached skill level 2 in Short Blades
   527 | D:1      | Reached XP level 3. HP: 9/20 MP: 2/4
   802 | D:2      | Found a faded altar of an unknown god.
   857 | D:2      | Gained mutation: Your natural rate of healing is unusually
                  | fast. [Vine Stalker growth]
   857 | D:2      | Reached XP level 4. HP: 24/24 MP: 5/5
  1118 | D:2      | Reached skill level 3 in Short Blades
  1925 | D:4      | Reached skill level 4 in Short Blades
  1925 | D:4      | Reached XP level 5. HP: 23/28 MP: 4/6
  1952 | D:4      | Identified the +10 whip "Bailith" {antimagic, Str+8}
  2040 | D:4      | Found a glowing drain.
  2046 | D:4      | Noticed a phantom
  2057 | D:4      | Killed a phantom
  2058 | D:4      | Reached skill level 5 in Short Blades
  2058 | D:4      | Reached XP level 6. HP: 32/32 MP: 7/7
  2064 | Sewer    | Entered a sewer
  2214 | Sewer    | Identified the +1 helmet of the Volcano {+Inv rF+ Str-3
                  | Int+3}
  2460 | D:4      | Mangled by an ogre

Illustrated notes

Levels and vault maps discovered:
D:1:      matt_arrival_refuge, layout_basic
D:2:      layout_rooms, shapermc_ecumenical_altar_ellora
D:3:      wander_river, layout_rooms
D:4:      layout_loops_ring, led_sif_pool, cheibrodos_sewer_entry_sluice,
          item_on_display_a, uniq_natasha

Skill      XL: |  1  2  3  4  5 |
---------------+----------------+-----
Short Blades   | 2 4 5 |  5.4
Fighting       | 3 |  3.0
Shields        | 3 |  3.0
Armour         | 3 |  3.0

Action                     |  1- 3 |  4- 6 || total
---------------------------+-------+-------++-------
  Melee: Rapier            |    88 |   199 ||   287
         Bite              |    23 |    40 ||    63
    Use: Potion            |       |     2 ||     2
 Armour: Scale mail        |    20 |    58 ||    78
  Dodge: Dodged            |    30 |    82 ||   112
  Block: Buckler           |    25 |    40 ||    65

Table legend: (Time is in decaauts)
 A = Elapsed time spent in this place.
 B = Non-inter-level travel time spent in this place.
 C = Inter-level travel time spent in this place.
 D = Time resting spent in this place.
 E = Time spent auto-exploring this place.
 F = Levels seen in this place.
 G = Mean time per level.
                   A        B        C        D        E       F      G
               +--------+--------+--------+--------+--------+-----+--------+
         Total |   2531 |   2497 |     34 |     28 |   1746 |   5 |  506.2 |
       Dungeon |   2154 |   2120 |     34 |     28 |   1558 |   4 |  538.5 |
         Sewer |    377 |    377 |      0 |      0 |    188 |   1 |  377.0 |
               +--------+--------+--------+--------+--------+-----+--------+

Top non-repeatable levels by time:
     D:1: 730 daAuts
     D:2: 684 daAuts
     D:3: 532 daAuts
   Sewer: 377 daAuts
     D:4: 208 daAuts
